[Event "ICCopen2017"]
[Site "Internet Chess Club"]
[Date "2017.03.25"]
[Round "5"]
[White "audipudy"]
[Black "jjmolina"]
[Result "0-1"]
[ICCResult "White forfeits on time"]
[WhiteElo "1575"]
[BlackElo "1397"]
[Opening "Scotch gambit: Benima defense"]
[ECO "C44"]
[NIC "SO.06"]
[Time "14:51:50"]
[TimeControl "180+0"]

1. e4 e5 2. Nf3 Nc6 3. d4 exd4 4. Bc4 Be7 5. c3 d3 6. O-O d6 7. Qb3 Na5 8.
Bxf7+ Kf8 9. Qa4 Kxf7 10. Qxa5 b6 11. Qd5+ Be6 12. Qxd3 Nf6 13. Bg5 Rf8 14.
Nbd2 Kg8 15. Rad1 Nd7 16. Bxe7 Qxe7 17. Nd4 Ne5 18. Qg3 Bd7 19. N2f3 Nxf3+
20. Nxf3 Bc6 21. e5 Bxf3 22. exd6 cxd6 23. gxf3 Rad8 24. Rfe1 Qf6 25. Re3 d5
26. Kg2 d4 27. cxd4 Rxd4 28. Rde1 Rd6 29. Qe5 Qxe5 30. Rxe5 Rfd8 31. Re7
R6d7 32. Kg3 Kf8 33. Rxd7 Rxd7 34. Re2 Kf7 35. h4 Rc7 36. Kg4 h6 37. f4 Rd7
38. f3 Rc7 39. h5 Rd7 40. b4 Rd1 41. Rc2 Rd7 42. Rc6 Ke7 43. a4 Rd6 44. Rxd6
Kxd6 45. Kf5 Ke7 46. Kg6 Kf8 47. f5 a6 48. f4 b5 49. axb5 axb5 50. f6 gxf6
51. Kxf6 Ke8 52. Kg6 Kf8 53. Kxh6 Kf7 54. f5 Kf6 55. Kh7 Kxf5 56. Kg7 Ke5
57. h6 Kd4 58. h7 Kc4 59. h8=Q Kxb4 60. Qb8 Ka4 61. Kf6 Kb4 62. Ke5 Ka4
{White forfeits on time}
0-1

[Event "ICCopen2017"]
[Site "Internet Chess Club"]
[Date "2017.03.25"]
[Round "5"]
[White "Marcoluis"]
[Black "Kjaan1974"]
[Result "0-1"]
[ICCResult "White forfeits on time"]
[WhiteElo "1594"]
[BlackElo "1408"]
[Opening "Modern defense"]
[ECO "A40"]
[NIC "QO.17"]
[Time "14:52:17"]
[TimeControl "180+0"]

1. d4 g6 2. c4 Bg7 3. e4 d6 4. Be3 e6 5. Nc3 Ne7 6. Bd3 c6 7. Nge2 O-O 8. f4
Bd7 9. O-O a5 10. Ng3 Na6 11. f5 exf5 12. exf5 gxf5 13. Bg5 f6 14. Bd2 Nb4
15. Bxf5 Bxf5 16. Nxf5 Nxf5 17. Rxf5 Qd7 18. Qf3 Nc2 19. Rf1 Nxd4 20. Qg4
Nxf5 21. Rxf5 Rf7 22. h4 Kh8 23. Ne4 Rg8 24. Qf3 b6 25. h5 Bf8 26. Nxf6 Rxf6
27. Rxf6 Bg7 28. Rf7 Qe6 29. Bc3 Bxc3 30. Qxc3+ Qe5 31. Qxe5+ dxe5 32. Re7
Rg5 33. h6 Kg8 34. Kf2 Rg6 35. Rxe5 Rxh6 36. Re7 Rf6+ 37. Ke2 h5 38. a4 Kf8
39. Re5 h4 40. Rh5 Ke7 41. Rxh4 Kd6 42. b3 Kc5 43. Rh3 Kb4 44. Re3 Rd6 45.
g4 Rg6 46. Kf3 Kc5 47. Kf4 Kd4 48. Rg3 Rg8 49. g5 c5 50. g6 Rg7 51. Kg5 Ke5
52. Re3+ Kd4 53. Rh3 Re7 54. Kf6 Re8 55. g7 Re3 56. g8=Q Rxh3 57. Qd5+ Kc3
58. Qe5+ Kxb3 59. Qf5 Rc3 60. Qd7 Rxc4 61. Qb5+ Rb4 {White forfeits on time}
0-1

[Event "ICCopen2017"]
[Site "Internet Chess Club"]
[Date "2017.03.25"]
[Round "5"]
[White "ucanresign"]
[Black "BronStorm"]
[Result "1-0"]
[ICCResult "Black forfeits on time"]
[WhiteElo "1620"]
[BlackElo "1845"]
[Opening "Queen's pawn game"]
[ECO "A46"]
[NIC "QP.05"]
[Time "14:52:23"]
[TimeControl "180+0"]

1. d4 Nf6 2. Nf3 e6 3. Bf4 b6 4. c3 Bb7 5. e3 Be7 6. Be2 O-O 7. h3 Ne4 8.
O-O f5 9. Nbd2 d6 10. Nh2 Nxd2 11. Qxd2 Nd7 12. Bf3 Bxf3 13. Nxf3 Nf6 14.
Rad1 Ne4 15. Qe2 g5 16. Bh2 Rf7 17. Nd2 Nxd2 18. Rxd2 Qd7 19. f4 Rg7 20.
fxg5 Bxg5 21. Bf4 Kh8 22. Bxg5 Rxg5 23. Rf2 Rag8 24. Kh1 Qg7 25. e4 Qg6 26.
exf5 Rxf5 27. Rxf5 Qxf5 28. a3 Re8 29. Qf2 Qxf2 30. Rxf2 Kg7 31. Re2 Kf6 32.
Kh2 e5 33. Rf2+ Kg6 34. dxe5 dxe5 35. g3 e4 36. Kg2 Rd8 37. Re2 Kf5 38. Kf2
Rd3 39. Re3 Rd1 40. Re1 Rd7 41. Ke2 Rd3 42. Rf1+ Ke6 43. Rg1 Ke5 44. Rg2 c5
45. h4 h5 46. Kf2 b5 47. Ke2 a5 48. g4 hxg4 49. Rxg4 Rh3 50. Rg5+ Kf4 51.
Rxc5 Rh2+ 52. Kd1 Rxh4 53. Rxb5 Rh1+ 54. Kc2 Rh2+ 55. Kc1 e3 56. Rb8 Kf3 57.
Rf8+ Ke2 58. Re8 Rh1+ 59. Kc2 Rf1 60. b4 axb4 61. cxb4 Rf2 62. Kb3 Kf3 63.
a4 e2 64. a5 Rf1 65. b5 e1=Q 66. Rxe1 Rxe1 67. Kc4 Ra1 68. a6 Ke4 69. Kc5
Rc1+ 70. Kb6 Kd5 71. a7 {Black forfeits on time} 1-0

[Event "ICCopen2017"]
[Site "Internet Chess Club"]
[Date "2017.03.25"]
[Round "5"]
[White "Gravity"]
[Black "BillietheKid"]
[Result "1-0"]
[ICCResult "Black forfeits on time"]
[WhiteElo "1107"]
[BlackElo "1381"]
[Opening "Queen's gambit declined"]
[ECO "D30"]
[NIC "QP.08"]
[Time "14:52:23"]
[TimeControl "180+0"]

1. d4 d5 2. c4 e6 3. a3 c6 4. e3 Nf6 5. Nf3 Bd6 6. c5 Be7 7. b4 O-O 8. Nc3
b6 9. Bb2 bxc5 10. dxc5 a5 11. Na2 Ba6 12. Bxa6 Nxa6 13. Bc3 Ne4 14. Qc2
Nxc3 15. Qxc3 Bf6 16. Nd4 e5 17. Nxc6 Qc7 18. Nxa5 d4 19. exd4 exd4 20. Qd3
Rfe8+ 21. Kf1 Rad8 22. g3 Nb8 23. Kg2 Nc6 24. Rhc1 Nxa5 25. bxa5 Qxa5 26.
Nb4 Qa8+ 27. Qf3 Qa4 28. Nc2 d3 29. Nb4 Bxa1 30. Rxa1 d2 31. Rd1 Re1 32.
Rxd2 Rxd2 33. Nc6 g6 34. Qf6 Qe4+ 35. Kh3 Qe6+ 36. Qxe6 Rxe6 37. Nb4 Rxf2
38. c6 Rf5 39. c7 {Black forfeits on time} 1-0

[Event "ICCopen2017"]
[Site "Internet Chess Club"]
[Date "2017.03.25"]
[Round "5"]
[White "kabindra"]
[Black "kamalchandran"]
[Result "0-1"]
[ICCResult "White forfeits on time"]
[WhiteElo "1532"]
[BlackElo "1781"]
[Opening "Giuoco Piano"]
[ECO "C54"]
[NIC "IG.02"]
[Time "14:52:21"]
[TimeControl "180+0"]

1. e4 e5 2. Nf3 Nc6 3. Bc4 Bc5 4. c3 Nf6 5. d4 exd4 6. e5 d5 7. exf6 dxc4 8.
O-O Qxf6 9. Re1+ Be6 10. Bg5 Qg6 11. cxd4 h6 12. Bh4 Bb4 13. d5 Bxe1 14.
Qxe1 O-O 15. dxe6 Qxe6 16. Nc3 Rfe8 17. Qd2 Qd6 18. Qxd6 cxd6 19. Bg3 Rad8
20. Nb5 Ne5 21. Nxa7 Nxf3+ 22. gxf3 d5 23. Nb5 d4 24. Rd1 d3 25. Nd6 Re6 26.
Nxc4 Re2 27. a3 b5 28. Ne5 d2 29. Kf1 Re1+ 30. Rxe1 dxe1=Q+ 31. Kxe1 f6 32.
Nc6 Rd3 33. Ke2 Rb3 34. Ne7+ Kf7 35. Nd5 Rxb2+ 36. Ke1 Rb3 37. Nc7 Ke7 38.
Ke2 Kd7 39. h4 Kc6 40. Ne8 Rxa3 41. Nxg7 b4 42. Bf4 b3 43. Bc1 Ra2+ 44. Kd1
b2 45. Bxb2 Rxb2 46. Ke1 Kd7 47. Nf5 h5 48. Ng3 Rb5 49. Ne4 Ke6 50. Ke2 Ke5
51. Ke3 Rb3+ 52. Ke2 f5 53. Ng3 Kf4 54. Nxh5+ Ke5 55. Ng3 Rb2+ 56. Kf1 Kf4
57. Kg2 Ke5 58. Nh5 Rb4 59. Ng7 Rxh4 {White forfeits on time} 0-1

[Event "ICCopen2017"]
[Site "Internet Chess Club"]
[Date "2017.03.25"]
[Round "5"]
[White "AAlekin28"]
[Black "Red-white"]
[Result "0-1"]
[ICCResult "White forfeits on time"]
[WhiteElo "2610"]
[BlackElo "3010"]
[Opening "Giuoco Pianissimo"]
[ECO "C50"]
[NIC "IG.02"]
[Time "14:52:19"]
[TimeControl "180+0"]

1. e4 e5 2. Nf3 Nc6 3. Bc4 Bc5 4. d3 Nf6 5. O-O O-O 6. Bb3 d6 7. c3 a6 8.
Re1 h6 9. Nbd2 Ba7 10. Nf1 Ne7 11. Ng3 Ng6 12. h3 c6 13. Qe2 Re8 14. Nh2 d5
15. Nhf1 Be6 16. Bc2 Qd7 17. Nh5 Nxh5 18. Qxh5 Rad8 19. Ng3 Nf4 20. Qf3 dxe4
21. dxe4 Qc7 22. Nf5 Rd7 23. Qg4 g6 24. Nxh6+ Kf8 25. Qg5 Qd8 26. Qxd8 Rexd8
27. Ng4 Rd2 28. Bxd2 Rxd2 29. Bd1 Bxg4 30. Bxg4 Bxf2+ 31. Kh1 Bxe1 32. Rxe1
Nxg2 33. Re2 Rxe2 34. Bxe2 Nf4 35. Bc4 a5 36. Kh2 f6 37. Kg3 Kg7 38. b4 b6
39. bxa5 bxa5 40. Kg4 Kh6 41. Ba6 Nh5 42. Bb7 c5 43. Bc8 Ng7 44. a4 Ne8 45.
Kf3 Nd6 46. Be6 Kg5 47. Ke3 Kh4 48. Kf3 Nb7 49. Ke3 Nd6 50. Kf3 Kh5 51. Ke3
Kg5 52. Kf3 Kh4 53. Ke3 Kg3 54. Kd3 Kf4 55. Bd5 f5 56. exf5 gxf5 57. Bc6 e4+
58. Ke2 Kg3 59. Bd7 f4 60. Be6 Kh4 61. Kf1 Kg5 62. Kf2 Kf6 63. Ke2 Kxe6 64.
h4 Kf5 65. h5 Kg5 66. c4 Kh6 67. Kd2 Kxh5 68. Kc3 Kg4 69. Kd2 Kf5 70. Kd1
Ke5 71. Ke1 Nxc4 72. Kf1 Nb6 73. Ke1 Nxa4 74. Kf1 Nb6 75. Ke1 a4 76. Ke2 a3
77. Kd2 a2 78. Kc2 a1=Q 79. Kb3 Qa4+ 80. Kb2 Nc4+ 81. Kc1 Qa2
{White forfeits on time}
0-1

[Event "ICCopen2017"]
[Site "Internet Chess Club"]
[Date "2017.03.25"]
[Round "5"]
[White "Vertdeces"]
[Black "tigerr"]
[Result "0-1"]
[ICCResult "White checkmated"]
[WhiteElo "1686"]
[BlackElo "1830"]
[Opening "Alekhine's defense: exchange variation"]
[ECO "B03"]
[NIC "AL.08"]
[Time "14:51:32"]
[TimeControl "180+0"]

1. e4 Nf6 2. e5 Nd5 3. d4 d6 4. c4 Nb6 5. exd6 cxd6 6. h3 g6 7. Nf3 Bg7 8.
Be3 O-O 9. Nc3 d5 10. c5 Nc4 11. Bxc4 dxc4 12. O-O Bf5 13. Qa4 Bd3 14. Rfd1
Nc6 15. b3 Qa5 16. Qxa5 Nxa5 17. bxc4 Bxc4 18. Rab1 Rfd8 19. Rb4 Ba6 20. Nb5
Nc6 21. Rbb1 Rd7 22. d5 Rad8 23. d6 exd6 24. Nxd6 Bf8 25. Rd2 Bxd6 26. cxd6
Rxd6 27. Rxd6 Rxd6 28. Bc5 Rd8 29. a3 f6 30. Re1 Kf7 31. Be3 Bc4 32. Nd2 Bd5
33. Rb1 b6 34. Rb5 Ne5 35. a4 Bc6 36. Rb4 Ke6 37. f4 Nd3 38. Rc4 Bd5 39. Rd4
Nc5 40. a5 bxa5 41. Nc4 a4 42. Na5 Nb3 43. Rxa4 Rb8 44. Nxb3 Rxb3 45. Bxa7
Rb1+ 46. Kf2 Rb2+ 47. Ke3 Rxg2 48. Ra6+ Kf5 49. Ra5 Rg3+ 50. Kf2 Rf3+ 51.
Ke2 Kxf4 52. Rxd5 Rxh3 53. Rd6 f5 54. Bb8 Ke4 55. Rd7 f4 56. Rf7 Rh2+ 57.
Kf1 Rh4 58. Rf6 Kf3 59. Kg1 g5 60. Rf5 Rg4+ 61. Kf1 h5 62. Ra5 Rg3 63. Ra4
Kg4 64. Kf2 h4 65. Ra5 h3 66. Be5 Rg2+ 67. Kf1 Rg3 68. Ra2 Kf3 69. Bf6 Kg4
70. Ra5 h2 71. Rxg5+ Kf3 72. Rh5 Rg1# {White checkmated} 0-1

[Event "ICCopen2017"]
[Site "Internet Chess Club"]
[Date "2017.03.25"]
[Round "5"]
[White "sanka"]
[Black "evorg"]
[Result "1-0"]
[ICCResult "Black resigns"]
[WhiteElo "1325"]
[BlackElo "1506"]
[Opening "Latvian counter-gambit"]
[ECO "C40"]
[NIC "KP.09"]
[Time "14:52:26"]
[TimeControl "180+0"]

1. e4 e5 2. Nf3 f5 3. d3 fxe4 4. dxe4 Nc6 5. Nc3 Nf6 6. Bg5 Be7 7. Bc4 h6 8.
Bxf6 Bxf6 9. Qd2 d6 10. O-O-O Qe7 11. Kb1 Bd7 12. Nd5 Qd8 13. h4 a6 14. a3
b5 15. Ba2 Ne7 16. Nxf6+ gxf6 17. g4 Bxg4 18. Qe3 Qd7 19. Rdg1 h5 20. Nh2
Rg8 21. f3 Be6 22. Rxg8+ Nxg8 23. Bd5 Bxd5 24. exd5 Qf5 25. Rg1 Kf7 26. Qc3
Rc8 27. Qc6 Ne7 28. Qxa6 c6 29. Qb7 cxd5 30. Qxb5 Rxc2 31. Ka1 Rxh2 32. Rc1
Qxf3 33. Rc7 Rh1+ 34. Ka2 Qd1 35. Qd7 Qb1+ 36. Kb3 Rh3+ 37. Qxh3 {Black
resigns} 1-0

[Event "ICCopen2017"]
[Site "Internet Chess Club"]
[Date "2017.03.25"]
[Round "5"]
[White "The7thGuest"]
[Black "knightspirit"]
[Result "1/2-1/2"]
[ICCResult "Black stalemated"]
[WhiteElo "1762"]
[BlackElo "1238"]
[Opening "Ruy Lopez: classical defense, 4.c3"]
[ECO "C64"]
[NIC "RL.01"]
[Time "14:52:15"]
[TimeControl "180+0"]

1. e4 e5 2. Nf3 Nc6 3. Bb5 Bc5 4. c3 a6 5. Ba4 d6 6. d4 exd4 7. cxd4 Ba7 8.
d5 b5 9. dxc6 bxa4 10. O-O Bg4 11. h3 Bh5 12. Nbd2 Nf6 13. Qxa4 O-O 14. Re1
Re8 15. Qc2 d5 16. e5 Bg6 17. Qa4 Ne4 18. Nxe4 dxe4 19. Nh2 Rxe5 20. Bf4 Rf5
21. Bg3 Qg5 22. Kh1 Bxf2 23. Bxf2 Rxf2 24. Rg1 Rxb2 25. Qd4 Rd2 26. Qc3 Rad8
27. Rae1 h5 28. a4 R2d3 29. Qc4 Rd2 30. Qxa6 e3 31. Qb5 Qg3 32. Nf3 Bd3 33.
Qg5 Qxg5 34. Nxg5 f6 35. Nf3 Ra2 36. Rxe3 Rxa4 37. Rd1 Ra3 38. Ne1 Rc3 39.
Rexd3 Rdxd3 40. Rxd3 Rxc6 41. Re3 Kh7 42. Kg1 Rd6 43. Kf2 c5 44. Nf3 Rc6 45.
Rc3 c4 46. Ke3 g5 47. Kd4 g4 48. hxg4 hxg4 49. Nd2 g3 50. Ne4 f5 51. Nxg3 f4
52. Ne4 f3 53. gxf3 Re6 54. Ng5+ Kg6 55. Nxe6 Kh6 56. Rxc4 Kh5 57. Ke5 Kh6
58. Rg4 Kh7 59. Kf6 Kh8 60. Rh4+ Kg8 61. Rh5 {Black stalemated} 1/2-1/2

[Event "ICCopen2017"]
[Site "Internet Chess Club"]
[Date "2017.03.25"]
[Round "5"]
[White "searchforbobby1"]
[Black "Magagna"]
[Result "1-0"]
[ICCResult "Black forfeits on time"]
[WhiteElo "1886"]
[BlackElo "1604"]
[Opening "French: classical, Steinitz variation"]
[ECO "C14"]
[NIC "FR.06"]
[Time "14:52:26"]
[TimeControl "180+0"]

1. e4 e6 2. d4 d5 3. Nc3 Nf6 4. Bg5 Be7 5. e5 Nfd7 6. Bxe7 Qxe7 7. f4 c5 8.
Nf3 Nc6 9. Qd2 b6 10. Bb5 Bb7 11. O-O O-O-O 12. Ne2 a6 13. Bxc6 Bxc6 14. c3
f6 15. a4 fxe5 16. fxe5 Rdf8 17. b4 Rf5 18. bxc5 bxc5 19. Ng3 Rf7 20. Rfb1
Nb8 21. Rb6 Qa7 22. Rab1 Rb7 23. a5 Re8 24. dxc5 Bb5 25. Nd4 Rxb6 26. axb6
Qb7 27. Rxb5 axb5 28. Nxb5 Kd7 29. Nd6 Qc6 30. Nxe8 Qxc5+ 31. Kh1 Kxe8 32.
Ne2 Qxb6 33. h3 Nc6 34. Nd4 Nxd4 35. cxd4 Qb5 36. Qf4 Qe2 37. Kh2 h6 38. Kg3
Qd3+ 39. Kh2 Qg6 40. Qf1 Ke7 41. Qb5 Qe4 42. Qb7+ Kf8 43. Qc8+ Kf7 44. Qd7+
Kf8 45. Qxe6 Qf4+ 46. Kg1 Qe3+ 47. Kf1 Qd3+ 48. Ke1 Qe3+ 49. Kf1 Qd3+ 50.
Kg1 Qxd4+ 51. Kh2 Qf4+ 52. Kh1 Qe3 53. Qf5+ Kg8 54. e6 Qe1+ 55. Kh2 d4 56.
Qf7+ Kh7 57. Qf5+ Kh8 58. Qf8+ Kh7 59. Qf5+ Kh8 60. Qd5 Kh7 61. Qe4+ Qxe4
62. Kg3 Qe5+ 63. Kf2 Qxe6 64. Kf3 Qe7 65. Kf4 Qf6+ 66. Kg3 Qf7 67. Kh2 Qe7
68. Kg1 Qd6 69. Kh1 Qe6 70. Kh2 Qe5+ 71. Kg1 {Black forfeits on time} 1-0

[Event "ICCopen2017"]
[Site "Internet Chess Club"]
[Date "2017.03.25"]
[Round "5"]
[White "canary2016"]
[Black "uncledougie"]
[Result "0-1"]
[ICCResult "White forfeits on time"]
[WhiteElo "1150"]
[BlackElo "1938"]
[Opening "Sicilian: dragon, classical attack"]
[ECO "B73"]
[NIC "SI.15"]
[Time "14:52:36"]
[TimeControl "180+0"]

1. e4 c5 2. Nf3 d6 3. d4 cxd4 4. Nxd4 Nf6 5. Nc3 g6 6. Be2 Bg7 7. Be3 O-O 8.
O-O Nc6 9. Re1 Bd7 10. a3 Rc8 11. Rc1 Nxd4 12. Bxd4 Bc6 13. Bf3 Qa5 14. Qd3
Rfd8 15. Rcd1 h5 16. Qe3 Ng4 17. Bxg4 hxg4 18. Bxg7 Kxg7 19. Qd4+ Qe5 20.
Qxe5+ dxe5 21. g3 Rd4 22. Rxd4 exd4 23. Na2 e5 24. c3 Kf6 25. cxd4 exd4 26.
Nb4 Ke5 27. Nxc6+ Rxc6 28. Kf1 Rc2 29. b4 d3 30. Kg2 Re2 31. Rd1 Kd4 32. e5
Rxe5 33. Kf1 Re2 34. Kg2 Kc3 35. Kf1 Ra2 36. Ke1 Rxa3 37. Rc1+ Kd4 38. Rd1
Ra2 39. Kf1 Re2 40. Kg2 Re4 41. Kf1 d2 42. Kg2 Kd3 43. Kf1 Kc2 44. Rxd2+
Kxd2 45. Kg2 Rxb4 46. Kg1 Ke2 47. Kg2 Rb1 48. h3 gxh3+ {White forfeits on
time} 0-1

[Event "ICCopen2017"]
[Site "Internet Chess Club"]
[Date "2017.03.25"]
[Round "5"]
[White "dhar2603"]
[Black "justinchess"]
[Result "0-1"]
[ICCResult "White forfeits on time"]
[WhiteElo "1793"]
[BlackElo "2278"]
[Opening "Queen's Indian: old main line, 9.Qxc3"]
[ECO "E19"]
[NIC "QI.12"]
[Time "14:51:59"]
[TimeControl "180+0"]

1. Nf3 Nf6 2. c4 b6 3. g3 Bb7 4. Bg2 e6 5. O-O Be7 6. Nc3 O-O 7. d4 Ne4 8.
Qc2 Nxc3 9. Qxc3 f5 10. h4 Bf6 11. Bf4 d6 12. Rac1 Nd7 13. Qe3 Qe7 14. Bg5
Rae8 15. Bxf6 Nxf6 16. Qa3 a6 17. c5 Ne4 18. cxd6 cxd6 19. Rfd1 Rc8 20. Ne1
Qd7 21. Nd3 b5 22. Nb4 Ra8 23. Qa5 Rfc8 24. d5 exd5 25. Qb6 Rc5 26. Nd3 Rc6
27. Rxc6 Bxc6 28. Nb4 Rc8 29. Nxd5 Bxd5 30. Rxd5 Qc6 31. Qxc6 Rxc6 32. Bxe4
fxe4 33. e3 Kf7 34. Rd4 Rc2 35. Rxd6 Rxb2 36. Rxa6 h6 37. Kg2 Rb1 38. g4 Rb2
39. Kg3 g5 40. hxg5 hxg5 41. Ra5 Kg6 42. a4 b4 43. Ra6+ Kf7 44. Rb6 b3 45.
Rb5 Kf6 46. a5 Kg6 47. Rb6+ Kg7 48. a6 Ra2 49. Rb7+ Kg6 50. a7 Ra6 51. Rxb3
Rxa7 52. Rb6+ Kg7 53. Rb5 Rf7 54. Re5 Kf8 55. Rxe4 Rf6 {White forfeits on
time} 0-1

[Event "ICCopen2017"]
[Site "Internet Chess Club"]
[Date "2017.03.25"]
[Round "5"]
[White "vishweshk"]
[Black "grancaruso"]
[Result "1-0"]
[ICCResult "Black forfeits on time"]
[WhiteElo "1703"]
[BlackElo "1801"]
[Opening "Caro-Kann: exchange variation"]
[ECO "B13"]
[NIC "CK.02"]
[Time "14:52:20"]
[TimeControl "180+0"]

1. e4 c6 2. d4 d5 3. exd5 cxd5 4. c3 Nf6 5. Bd3 Nc6 6. Nf3 Bg4 7. O-O e6 8.
Nbd2 Bd6 9. Re1 O-O 10. Nf1 Rc8 11. Bg5 a6 12. Bh4 b5 13. Bg3 Na5 14. Bxd6
Qxd6 15. Qd2 Bxf3 16. gxf3 Nc4 17. Qe2 Rc7 18. Rad1 Rfc8 19. Bb1 Qf4 20. Ne3
h6 21. Nxc4 bxc4 22. Qe3 Qxe3 23. fxe3 Rb8 24. Rd2 Rcb7 25. Ree2 a5 26. e4
a4 27. a3 Kf8 28. e5 Nd7 29. f4 g6 30. h4 Kg7 31. h5 Nf8 32. hxg6 fxg6 33.
Rg2 Kf7 34. Kh2 Kg7 35. f5 exf5 36. Bxf5 Rb6 37. Bg4 Kh7 38. Bf3 Ne6 39.
Bxd5 Nf4 40. Bxc4 Nxg2 41. Rxg2 Rxb2 42. d5 Rxg2+ 43. Kxg2 Rc8 44. d6 Rd8
45. Bf7 Kg7 46. Bd5 Kf8 47. c4 Rb8 48. c5 Rb2+ 49. Kf3 Rd2 50. c6 Rxd5 51.
c7 Rc5 52. d7 Ke7 53. d8=Q+ Ke6 54. c8=Q+ Rxc8 55. Qxc8+ Kxe5 56. Qa8 Kf6
57. Qxa4 g5 58. Qa6+ Kf5 59. Qb5+ Kg6 60. Qc6+ Kh5 61. Qd5
{Black forfeits on time}
1-0

[Event "ICCopen2017"]
[Site "Internet Chess Club"]
[Date "2017.03.25"]
[Round "5"]
[White "coleman"]
[Black "PCB1"]
[Result "0-1"]
[ICCResult "White forfeits on time"]
[WhiteElo "1330"]
[BlackElo "1798"]
[Opening "Pirc: Ufimtsev-Pytel variation"]
[ECO "B07"]
[NIC "PU.08"]
[Time "14:53:29"]
[TimeControl "180+0"]

1. e4 d6 2. d4 Nf6 3. Nc3 c6 4. h3 e5 5. Nf3 Nbd7 6. Bg5 Be7 7. Be2 O-O 8.
Qd2 Re8 9. O-O-O Qc7 10. Nh4 b5 11. Nf5 Bf8 12. g4 b4 13. Na4 Nxe4 14. Qe3
d5 15. h4 Nb6 16. Nc5 Bxf5 17. gxf5 Nxc5 18. dxc5 Nd7 19. f6 e4 20. h5 Bxc5
21. Qg3 Qxg3 22. fxg3 Nxf6 23. Bxf6 gxf6 24. g4 Be3+ 25. Kb1 a5
{White forfeits on time}
0-1

[Event "ICCopen2017"]
[Site "Internet Chess Club"]
[Date "2017.03.25"]
[Round "5"]
[White "Ticktockman"]
[Black "touchthis"]
[Result "1-0"]
[ICCResult "Black forfeits on time"]
[WhiteElo "1104"]
[BlackElo "1384"]
[Opening "Queen's pawn game"]
[ECO "D05"]
[NIC "QP.09"]
[Time "14:52:32"]
[TimeControl "180+0"]

1. Nf3 d5 2. d4 Nf6 3. e3 e6 4. g3 Be7 5. Bg2 Nbd7 6. O-O O-O 7. Nbd2 b6 8.
c4 dxc4 9. Nxc4 Bb7 10. Nce5 Nxe5 11. Nxe5 Bxg2 12. Kxg2 Qd5+ 13. Qf3 Qxf3+
14. Kxf3 Rfd8 15. Nc6 Rd7 16. Nxe7+ Rxe7 17. Bd2 Nd5 18. a3 Rd7 19. Kg2 Rc8
20. b4 c5 21. Rac1 c4 22. Bc3 b5 23. Rc2 Nxc3 24. Rxc3 Rdc7 25. Rfc1 Kf8 26.
Kf3 Ke7 27. Ke4 Kd6 28. f4 f5+ 29. Kf3 Kd5 30. h3 h6 31. g4 fxg4+ 32. hxg4
g5 33. fxg5 hxg5 34. Kg3 Rf8 35. R1c2 Rcf7 36. Re2 Rf3+ 37. Kh2 Rf2+ 38.
Rxf2 Rxf2+ 39. Kg3 Re2 40. Kf3 Re1 41. Kf2 Rh1 42. Kg3 Rh4 43. Rc2 Ke4 44.
Rc3 Rh1 45. Kg2 Rb1 46. Kg3 Rb3 47. Rc1 Rxe3+ 48. Kf2 Rxa3 49. Re1+ Kxd4 50.
Rxe6 c3 51. Rd6+ Kc4 52. Rc6+ Kxb4 53. Rg6 Ra2+ 54. Ke3 c2 55. Rc6 Kb3 56.
Kd3 a5 57. Rc5 b4 58. Kd2 Rb2 59. Kc1 a4 60. Rc8 Ra2 61. Ra8 a3 62. Ra5 Ra1+
63. Kd2 c1=Q+ 64. Ke2 Qc4+ 65. Kf3 Qc6+ 66. Kg3 Qc7+ 67. Kh3 Qxa5 68. Kg3
Rf1 69. Kg2 a2 70. Kxf1 a1=Q+ 71. Kg2 Q5a2+ 72. Kf3 Qc3+ 73. Ke4 Qg2+ 74.
Kf5 {Black forfeits on time} 1-0

[Event "ICCopen2017"]
[Site "Internet Chess Club"]
[Date "2017.03.25"]
[Round "5"]
[White "ural"]
[Black "zhuzhenghai008"]
[Result "1-0"]
[ICCResult "Black resigns"]
[WhiteElo "2397"]
[BlackElo "1887"]
[Opening "Sicilian defense"]
[ECO "B20"]
[NIC "SI.48"]
[Time "14:52:40"]
[TimeControl "180+0"]

1. e4 c5 2. b3 b6 3. Qf3 Bb7 4. Bb2 Nf6 5. Nc3 Nc6 6. Qg3 Qb8 7. O-O-O Qxg3
8. hxg3 e6 9. f3 Be7 10. g4 d6 11. Nge2 O-O-O 12. Ng3 Nd4 13. Nce2 Nxe2+ 14.
Bxe2 h6 15. d4 Rhg8 16. c3 cxd4 17. cxd4 d5 18. e5 Nd7 19. Kb1 Kb8 20. Bd3
Ka8 21. f4 Nb8 22. Nh5 Nc6 23. Bh7 Rh8 24. Bc2 Nb4 25. Ba3 a5 26. Bxb4 axb4
27. Bd3 Kb8 28. Rc1 Rhg8 29. g3 Rc8 30. Rxc8+ Kxc8 31. Rc1+ Kb8 32. Bb5 g6
33. Nf6 Rc8 34. Rxc8+ Kxc8 35. Be8 Kd8 36. Bxf7 Bc8 37. Bxg6 Bf8 38. Bd3 Ke7
39. Nh5 Kf7 40. f5 Be7 41. f6 Bd8 42. Nf4 b5 43. Bxb5 Bb6 44. Ne2 Ba7 45.
Kc2 Bb6 46. Kd3 Ba7 47. Ke3 Bb6 48. Nf4 Ba7 49. Bd3 Bb6 50. Bg6+ Kf8 51. Bh5
Bd7 52. Ng6+ Kg8 53. Ne7+ Kf8 54. Bg6 Bb5 55. Bd3 Be8 56. Nc8 Bc7 57. Na7
Bd7 58. Bb5 Bxb5 59. Nxb5 Bb6 60. Nd6 Kg8 61. Nc8 Bc7 62. Ne7+ {Black
resigns} 1-0

[Event "ICCopen2017"]
[Site "Internet Chess Club"]
[Date "2017.03.25"]
[Round "5"]
[White "Indiana-Jones"]
[Black "concrete"]
[Result "1-0"]
[ICCResult "Black forfeits on time"]
[WhiteElo "2748"]
[BlackElo "2077"]
[Opening "Réti opening"]
[ECO "A11"]
[NIC "QP.09"]
[Time "14:52:44"]
[TimeControl "180+0"]

1. Nf3 d5 2. c4 c6 3. d3 Nf6 4. b3 Bg4 5. Ne5 Bf5 6. Bb2 Nbd7 7. Nxd7 Qxd7
8. Nd2 e6 9. g3 Bd6 10. Bg2 O-O 11. O-O e5 12. cxd5 cxd5 13. e4 dxe4 14.
dxe4 Be6 15. Qe2 Qe7 16. Nf3 Bg4 17. Rfd1 Ba3 18. Bc3 Rac8 19. Qe3 Bxf3 20.
Bxf3 Bc5 21. Qe1 Rfd8 22. Kg2 Ne8 23. Bg4 Rb8 24. Be2 Nc7 25. Bc4 b5 26. Be2
f6 27. a4 a6 28. axb5 axb5 29. Ba5 Rxd1 30. Rxd1 Ne6 31. Rd5 Nd4 32. Qd1 Bb4
33. Bxb4 Qxb4 34. Bg4 h6 35. Rd7 Kh8 36. Bh5 Rc8 37. Qg4 Qf8 38. Rxg7 Qxg7
39. Qxc8+ Kh7 40. Bg4 Qe7 41. Bf5+ Kg7 42. Qc1 Nxb3 43. Qe3 Nd4 44. Qd2 b4
45. Qd3 b3 46. Qc3 Qb7 47. Be6 b2 48. Ba2 b1=Q 49. Bxb1 Qxb1 50. Qc7+ Kg6
51. Qc8 Kg7 52. Kh3 Qxe4 53. Qd7+ Kg6 54. Qe8+ Kg5 55. Qe7 Kg6 56. Qg7+
{Black forfeits on time}
1-0

[Event "ICCopen2017"]
[Site "Internet Chess Club"]
[Date "2017.03.25"]
[Round "5"]
[White "GYMEJR"]
[Black "star-night"]
[Result "1-0"]
[ICCResult "Black forfeits on time"]
[WhiteElo "1580"]
[BlackElo "1871"]
[Opening "Queen's pawn: London system"]
[ECO "A45"]
[NIC "QP.07"]
[Time "14:52:38"]
[TimeControl "180+0"]

1. d4 Nf6 2. Bf4 g6 3. e3 Bg7 4. c3 O-O 5. h3 b6 6. Nf3 Bb7 7. Nbd2 d6 8.
Bd3 Nfd7 9. O-O e5 10. Bh2 f5 11. Qb3+ Kh8 12. e4 f4 13. Rad1 Qe7 14. Rfe1
c5 15. dxe5 Nxe5 16. Nxe5 dxe5 17. Nf3 Nc6 18. Qc2 Rad8 19. Bc4 Bf6 20. a3
g5 21. Kh1 h5 22. Bg1 g4 23. Nh2 Bc8 24. hxg4 hxg4 25. Be2 Rg8 26. Rxd8 Nxd8
27. Bc4 Be6 28. Bxe6 Nxe6 29. Rd1 g3 30. fxg3 fxg3 31. Qe2 gxh2 32. Qh5+ Qh7
33. Qxh7+ {Black forfeits on time} 1-0

[Event "ICCopen2017"]
[Site "Internet Chess Club"]
[Date "2017.03.25"]
[Round "5"]
[White "PeterOsgood"]
[Black "Wilsonpalencia"]
[Result "1-0"]
[ICCResult "Black resigns"]
[WhiteElo "1802"]
[BlackElo "2549"]
[Opening "Dutch, 2.Bg5 variation"]
[ECO "A80"]
[NIC "HD.12"]
[Time "14:54:04"]
[TimeControl "180+0"]

1. d4 f5 2. Bg5 h6 3. Bh4 g5 4. e4 Bg7 5. Bg3 f4 6. Qh5+ Kf8 7. Bxf4 Nf6 8.
Qf3 gxf4 9. e5 Nc6 10. Qxf4 d6 11. exf6 Bxf6 12. Nf3 e5 13. dxe5 dxe5 14.
Qe4 Be6 15. Nc3 Nd4 16. Nxd4 Qxd4 17. Qxd4 exd4 18. Ne4 Be5 19. Bd3 b6 20.
f4 Bg7 21. f5 Bd5 22. O-O Be5 23. Rae1 Re8 24. b3 Kf7 25. g3 c5 26. Re2 Bf6
27. Nxf6 Kxf6 28. Rfe1 Rxe2 29. Rxe2 Rf8 30. Kf2 Rf7 31. h4 h5 32. a3 Rg7
33. b4 c4 34. Be4 Bxe4 35. Rxe4 Rd7 36. Ke2 Kxf5 37. Re8 d3+ 38. cxd3 cxd3+
39. Kd2 Kg4 40. Rg8+ Kf3 41. Rg5 Rd4 42. Rxh5 Kxg3 43. Re5 Kxh4 44. Re3 Rd7
45. Rxd3 Rc7 46. Rc3 Kg5 47. Rxc7 a5 48. bxa5 Kf5 49. axb6 {Black resigns}
1-0